 Dungeon Crawl Stone Soup version 0.31-a0-267-g3fc6992b3b (webtiles) character file.

Game seed: 15838459194844018581

23 qw the Shooter (level 2, 0/17 HPs)
             Began as a Gargoyle Hexslinger on July 13, 2023.
             Slain by a worm (6 damage)
             ... on level 1 of the Dungeon.
             The game lasted 00:00:18 (864 turns).

qw the Shooter (Gargoyle Hexslinger)                 Turns: 864, Time: 00:00:19

Health: 0/17       AC:  5    Str: 11    XL:     2   Next: 95%
Magic:  3/3        EV: 11    Int: 13    God:
Gold:   50         SH:  0    Dex: 12    Spells: 2/3 levels left

rFire   . . .        Y - +1 sling
rCold   . . .        (no shield)
rNeg    + . .        i - +0 leather armour
rPois   inf          (no helmet)
rElec   +            (no cloak)
rCorr   .            (no gloves)
SInv    .            (no boots)
Will    .....        (no amulet)
Stlth   +            (no ring)
HPRegen 0.22/turn    (no ring)
MPRegen 0.08/turn

%: no passive effects
@: no status effects
A: sickness immunity, AC +2, negative energy resistance 1, electricity
resistance, torment resistance 1, petrification resistance
a: no special abilities


You were on level 1 of the Dungeon.
You visited 1 branch of the dungeon, and saw 2 of its levels.

You collected 50 gold pieces.


Innate Abilities, Weirdness & Mutations

You are immune to sickness and miasma.
Your stone body is resilient. (AC +2)
You are immune to poison.
You resist negative energy. (rN+)
You are resistant to electric shocks. (rElec)
You are resistant to unholy torment.
You are immune to petrification.


   Skills:
 + Level 1.9 Fighting
 - Level 3.0 Ranged Weapons
 - Level 1.5 Dodging
 - Level 1.0 Spellcasting
 - Level 2.6 Hexes


You had 2 spell levels left.
You knew the following spells:

 Your Spells              Type           Power      Damage    Failure   Level
a - Slow                  Hex            28%        N/A       12%         1

Your spell library contained the following spells:

 Spells                   Type           Power      Damage    Failure   Level
 Inner Flame              Hex/Fire       4%         N/A       54%         3
 Portal Projectile        Hex/Tloc       8%         N/A       54%         3
 Cause Fear               Hex            3%         N/A       77%         4

Inventory:

Hand Weapons
 Y - a +1 sling (weapon)
Armour
 i - a +0 leather armour (worn)
Potions
 d - a potion of degeneration {unknown}
 f - a potion of haste {unknown}
 k - a potion of mutation {unknown}
 l - a potion of might {unknown}

Dungeon Overview and Level Annotations

Branches:
Dungeon (2/15)

Altars:

Shops:
D:1 (?!


Message History

The quokka bites you but does no damage.
You shoot a sling bullet.
The sling bullet hits the quokka but does no damage.
The quokka is severely wounded.
The quokka bites you. The quokka barely misses you.
You shoot a sling bullet.
The sling bullet hits the quokka but does no damage.
The quokka is severely wounded.
The quokka barely misses you.
You shoot a sling bullet.
The sling bullet barely misses the quokka.
The quokka bites you but does no damage.
The quokka barely misses you.
You shoot a sling bullet. The sling bullet hits the quokka.
You kill the quokka!
You start resting.
HP restored.
Partly explored, can't reach some places.
(D) Dungeon
Where to? (* - list waypoints, Enter - D:2, ? - help)
What level of the Dungeon? (default 1, ? - help)
You climb downwards.
The giant cockroach bites you. The worm bites you!
Ouch! That really hurt!
The giant cockroach misses you.
There is a stone staircase leading up here.
861 ||| STAIRDANCE The giant cockroach barely misses you.
You climb upwards.
There is a stone staircase leading down here.
You shoot a sling bullet.
The sling bullet hits the giant cockroach.
The giant cockroach is severely wounded.
The giant cockroach bites you but does no damage.
The worm closely misses you.
The giant cockroach bites you but does no damage.
You shoot a sling bullet.
The sling bullet hits the giant cockroach.
You kill the giant cockroach!
The worm bites you.
You die...

#...\....#.....
#........######
#..........#.#
#....(.....#.##
#..........#...
##........#####
##......######
######............
#@.....###########
##w.#### ##.## #..###
###...# #~###.# # #~#
#.###########
#########~###.##.........
#........~.#...#.##......


You could see a worm.

Vanquished Creatures
  A ball python (D:1)
  3 endoplasms (D:1)
  2 giant cockroaches (D:1)
  A goblin (D:1)
  3 hobgoblins (D:1)
  4 quokkas (D:1)
  2 bats (D:1)
  3 frilled lizards (D:1)
  2 rats (D:1)
21 creatures vanquished.

Notes
Turn   | Place    | Note
-------+----------+-------------------------------------------
     0 | D:1      | qw the Gargoyle Hexslinger began the quest for the Orb.
     0 | D:1      | Reached XP level 1. HP: 12/12 MP: 2/2
     0 | D:1      | 0 ||| qw: Version: 0.3-a-52-g30416fa
     0 | D:1      | 0 ||| qw: Game counter: 7688
     0 | D:1      | 0 ||| qw: Melee chars always use a shield: true
     0 | D:1      | 0 ||| qw: God list: Okawaru
     0 | D:1      | 0 ||| qw: Allow faded altars: false
     0 | D:1      | 0 ||| qw: Do Orc after clearing Dungeon:15 true
     0 | D:1      | 0 ||| qw: Do second Lair branch before Depths: true
     0 | D:1      | 0 ||| qw: Lair rune preference: random
     0 | D:1      | 0 ||| qw: Goals: Normal
     0 | D:1      | 0 ||| PLANNING D:1-11
    34 | D:1      | Found Gereu's Antique Weapon Boutique.
    43 | D:1      | 43 ||| SHOPLISTING warped shortbow (168 gold, have 11).
    99 | D:1      | Found Xaasiu Gouwn's Magic Scroll Shoppe.
   112 | D:1      | 112 ||| SHOPLISTING scroll of enchant weapon (90 gold, have
                  | 22).
   112 | D:1      | 112 ||| SHOPLISTING scroll of teleportation (36 gold, have
                  | 22).
   119 | D:1      | Found Jeri Dem's Distillery.
   125 | D:1      | Reached XP level 2. HP: 16/16 MP: 3/3
   134 | D:1      | 134 ||| SHOPLISTING potion of curing (30 gold, have 22).
   134 | D:1      | 134 ||| SHOPLISTING potion of heal wounds (50 gold, have
                  | 22).
   134 | D:1      | 134 ||| SHOPLISTING potion of mutation (80 gold, have 22).
   134 | D:1      | 134 ||| SHOPLISTING potion of resistance (100 gold, have
                  | 22).
   225 | D:1      | Reached skill level 3 in Ranged Weapons
   413 | D:1      | 413 ||| Stepping ~*~*~tactically~*~*~ (water).
   719 | D:1      | 719 ||| UPGRADING to +0 leather armour.
   729 | D:1      | 729 ||| DROPPING +0 robe.
   730 | D:1      | 730 ||| READING scroll labelled JOF PUIPOF.
   731 | D:1      | 731 ||| READING scroll labelled DOAXKYFUHU.
   732 | D:1      | 732 ||| READING scroll labelled XOMEDIETS.
   746 | D:1      | 746 ||| READING scroll labelled CIUSUOCW KIOCH.
   747 | D:1      | 747 ||| DROPPING scroll of poison.
   803 | D:2      | 803 ||| STAIRDANCE
   861 | D:2      | 861 ||| STAIRDANCE
   864 | D:1      | Slain by a worm

Levels and vault maps discovered:
D:1:      dpeg_arrival_shelter, layout_rooms, serial_shops, shop,
          nicolae_lakefront_shop, shop, serial_rivers,
          chequers_serial_rivers_large_b, chequers_serial_rivers_micro_c,
          chequers_serial_rivers_micro_b, chequers_serial_rivers_large_a,
          chequers_serial_rivers_micro_e, chequers_serial_rivers_micro_b
D:2:      minmay_thinvault, layout_basic, shapermc_ecumenical_altar_ellora

Skill      XL: |  1  2 |
---------------+-------+-----
Ranged Weapons | 3 |  3.0
Fighting       | |  1.9
Dodging        | |  1.5
Spellcasting   | |  1.0
Hexes          | |  2.6

Action                     || total
---------------------------++-------
   Fire: Sling             ||    72
    Use: Scroll            ||     4
 Armour: Robe              ||    14
         Leather armour    ||    11
  Dodge: Dodged            ||    31

Table legend:
 A = Non-vault XP
 B = Vault XP
 C = Vault XP percentage of total XP
 D = Non-vault monster count
 E = Vault monster count
 F = Vault count percentage of total count
                 A         B        C        D         E       F
            +---------+---------+-------+---------+---------+-------
      Total |      35 |       0 |   0.0 |      21 |       0 |   0.0
            +---------+---------+-------+---------+---------+-------
        D:1 |      35 |       0 |   0.0 |      21 |       0 |   0.0
            +---------+---------+-------+---------+---------+-------
